 Dungeon Crawl Stone Soup version 0.29.1-2-gbd0b4ee654 (webtiles) character file.

Game seed: 5525784076239035964

707 fantasyman the Chopper (level 7, -7/60 HPs)
             Began as a Demigod Fighter on Nov 17, 2022.
             Mangled by an ogre
             ... wielding a +0 giant club
              (23 damage)
             ... on level 5 of the Dungeon.
             The game lasted 00:07:47 (4936 turns).

fantasyman the Chopper (Demigod Fighter)            Turns: 4936, Time: 00:07:48

Health: -7/60      AC:  9    Str: 25    XL:     7   Next: 16%
Magic:  9/9        EV:  8    Int: 10    God:
Gold:   173        SH:  6    Dex: 13    Spells: 6/6 levels left

rFire   . . .      SeeInvis .   a - +0 war axe (flame)
rCold   . . .      Faith    .   c - +1 buckler
rNeg    . . .      Spirit   .   o - +0 chain mail
rPois   .          Reflect  .   (no helmet)
rElec   .          Harm     .   (no cloak)
rCorr   .          Rampage  .   (no gloves)
Will    .....                   (no boots)
Stlth   ..........              (no amulet)
HPRegen 0.20/turn               (no ring)
MPRegen 0.11/turn               (no ring)

@: mighty
A: high MP 1, forlorn, divine attributes
a: no special abilities


You were on level 5 of the Dungeon.
You visited 1 branch of the dungeon, and saw 5 of its levels.

You collected 173 gold pieces.

Inventory:

Hand Weapons
 a - a +0 war axe of flaming (weapon)
Armour
 b - a +0 scale mail
 c - a +1 buckler (worn)
 o - a +0 chain mail (worn)
Jewellery
 l - a ring of wizardry
Scrolls
 e - 2 scrolls of magic mapping {unknown}
 h - 2 scrolls of fog
 i - a scroll of identify
 j - a scroll of amnesia {unknown}
 r - a scroll of summoning {unknown}
Potions
 d - a potion of might
 f - 2 potions of curing
 g - a potion of haste
 k - a potion of lignification {unknown}
 m - a potion of attraction {unknown}
 n - a potion of brilliance {unknown}
 p - 5 potions of degeneration {unknown}
 q - a potion of cancellation {unknown}


   Skills:
 + Level 4.3 Fighting
 + Level 4.9 Axes
 + Level 4.5 Armour
 + Level 1.0 Dodging
 + Level 0.2 Stealth
 + Level 3.7 Shields


You had 6 spell levels left.
You didn't know any spells.
Your spell library contained the following spells:

 Spells                   Type           Power      Damage    Failure   Level
 Freeze                   Ice            0%         1d3       97%         1
 Sandblast                Erth           0%         2d4       97%         1
 Passwall                 Tmut/Erth      0%         N/A       99%         2
 Frozen Ramparts          Ice            0%         1d1       100%        3
 Gell's Gravitas          Tloc           0%         N/A       100%        3
 Stone Arrow              Conj/Erth      0%         3d7       100%        3
 Teleport Other           Tloc           0%         N/A       100%        3
 Tukima's Dance           Hex            0%         N/A       100%        3
 Hailstorm                Conj/Ice       0%         3d3       100%        4
 Passage of Golubria      Tloc           0%         N/A       100%        4
 Yara's Violent Unravell  Hex/Tmut       0%         3d3       100%        5
 Dispersal                Tloc           0%         N/A       100%        6


Dungeon Overview and Level Annotations

Branches:
Dungeon (5/15)             Temple (0/1) D:4


Innate Abilities, Weirdness & Mutations

You have an increased reservoir of magic. (+10% MP)
You shall have no god before yourself.
Your divine heritage dramatically boosts your attributes as you level up.


Message History

You slash the ogre! You burn the ogre.
The ogre is moderately wounded.
The ogre hits you with a +0 giant club!!
You completely miss the ogre.
The ogre is moderately wounded.
You block the ogre's attack.
You hit the ogre. You burn the ogre.
The ogre is heavily wounded.
You block the ogre's attack.
You hit the ogre but do no damage.
The ogre is heavily wounded.
The ogre hits you with a +0 giant club!
You are too injured to fight recklessly!
You are too injured to fight recklessly!
You are too injured to fight recklessly!
You are too injured to fight recklessly!
You are too injured to fight recklessly!
You are too injured to fight recklessly!
You are too injured to fight recklessly!
You are too injured to fight recklessly!
You are too injured to fight recklessly!
You are too injured to fight recklessly!
You are too injured to fight recklessly!
You are too injured to fight recklessly!
You are too injured to fight recklessly!
You are too injured to fight recklessly!
You are too injured to fight recklessly!
Unknown command.
You hit the ogre. You burn the ogre.
The ogre is heavily wounded.
You feel very mighty all of a sudden. The ogre barely misses you.
You slash the ogre! You burn the ogre.
The ogre is almost dead.
The ogre hits you with a +0 giant club!
* * * LOW HITPOINT WARNING * * *
You barely miss the ogre.
The ogre is almost dead.
The ogre hits you with a +0 giant club!!
You die...

.......>....# #.####..#
#.####..##### ########....#..#
##.####.# #....).........#
##.###.### ##.######.##.#.##
##......# #... ...##.#.#
#.#.#.#.# #..# ######.#.#
#..#.#.#.#####..#########.#.#
#.###.#.#.#.....O............#
.. ...........#@# ######.###
### #.#..........# #.#
#............#########.#
#####..................#
#.......########### #.......#
#.......# #########


You could see an ogre.

Vanquished Creatures
  Menkaure (D:4)
  A kobold brigand (D:4)
  A necrophage (D:4)
  2 scorpions
  2 hounds (D:5)
  A jelly (D:4)
  2 iguanas (D:4)
  2 orc wizards
  5 adders
  A white imp (D:5)
  A worm (D:3)
  2 dart slugs
  9 orcs
  3 bats
  4 endoplasms
  A giant cockroach (D:1)
  6 goblins
  7 hobgoblins
  6 jackals
  A quokka (D:3)
  3 ball pythons
  2 frilled lizards
  26 kobolds
  6 rats
95 creatures vanquished.

Vanquished Creatures (others)
  18 plants (D:4)
18 creatures vanquished.

Grand Total: 113 creatures vanquished

Notes
Turn   | Place    | Note
-------+----------+-------------------------------------------
     0 | D:1      | fantasyman the Demigod Fighter began the quest for the Orb.
     0 | D:1      | Reached XP level 1. HP: 18/18 MP: 3/3
   263 | D:1      | Reached XP level 2. HP: 25/25 MP: 4/4
   944 | D:2      | Reached XP level 3. HP: 31/31 MP: 5/5
  2052 | D:3      | Reached XP level 4. HP: 26/38 MP: 6/6
  2739 | D:4      | Noticed a necrophage
  2748 | D:4      | Killed a necrophage
  2749 | D:4      | Reached XP level 5. HP: 35/45 MP: 7/7
  3156 | D:4      | Found a staircase to the Ecumenical Temple.
  3726 | D:4      | Reached skill level 1 in Dodging
  3726 | D:4      | Reached XP level 6. HP: 37/52 MP: 8/8
  4330 | D:4      | Noticed Menkaure
  4333 | D:4      | Killed Menkaure
  4695 | D:5      | Entered Level 5 of the Dungeon
  4870 | D:5      | Reached XP level 7. HP: 55/59 MP: 9/9
  4936 | D:5      | Mangled by an ogre

Illustrated notes

Levels and vault maps discovered:
D:1:      saegor_arrival_miasma, layout_basic,
          hellmonk_ecumenical_altar_arch_garden
D:2:      layout_basic, chequers_mini_garden, feat_on_display
D:3:      layout_loops_ring, nrook_campfire
D:4:      kennysheep_kobold_camp, layout_basic, minmay_temple_entry_water_ring,
          uniq_menkaure
D:5:      layout_loops_ring

Skill      XL: |  1  2  3  4  5  6 |
---------------+-------------------+-----
Armour         | 3 4 |  4.5
Axes           | 2 3 4 |  4.9
Fighting       | 3 4 |  4.3
Shields        | 3 |  3.7
Dodging        | 1 |  1.0
Stealth        | |  0.2

Action                   |  1- 3 |  4- 6 |  7- 9 || total
-------------------------+-------+-------+-------++-------
Melee: War axe           |   101 |   142 |    15 ||   258
  Use: Scroll            |     6 |     5 |       ||    11
       Potion            |       |     2 |     1 ||     3
Armor: Scale mail        |    34 |       |       ||    34
       Chain mail        |     9 |    60 |     4 ||    73
Dodge: Dodged            |    53 |    41 |     6 ||   100
Block: Buckler           |    19 |    42 |     5 ||    66
